 Dungeon Crawl Stone Soup version 0.27-a0-1342-ga99462a43c (webtiles) character file.

Game seed: 14386842368518555270

111 Delamore the Sneak (level 4, 0/30 HPs)
             Began as an Octopode Brigand on June 27, 2021.
             Slain by a ball python (1 damage)
             ... on level 2 of the Dungeon.
             The game lasted 00:02:16 (2394 turns).

Delamore the Sneak (Octopode Brigand)               Turns: 2394, Time: 00:02:17

Health: 0/30       AC:  1    Str: 10    XL:     4   Next: 92%
Magic:  4/4        EV:  9    Int: 13    God:
Gold:   79         SH:  0    Dex: 14    Spells: 3/3 levels left

rFire    . . .     SeeInvis .   a - +2 dagger
rCold    . . .     Faith    .   (no shield)
rNeg     . . .     Spirit   .   (helmet restricted)
rPois    .         Reflect  .   (no amulet)
rElec    .         Harm     .   (no ring)
rCorr    .         Rampage  .   (no ring)
Will     .....                  (no ring)
Stlth    ++++......             (no ring)
HPRegen  0.10/turn              (no ring)
MPRegen  0.09/turn              (no ring)
                                (no ring)
                                (no ring)

@: mighty, constricted
A: almost no armour, amphibious, 8 rings, camouflage 1, gelatinous body 1,
(nimble swimmer 1), tentacles
a: no special abilities


You were on level 2 of the Dungeon.
You visited 1 branch of the dungeon, and saw 3 of its levels.

You collected 79 gold pieces.

Inventory:

Hand Weapons
 a - a +2 dagger (weapon)
Missiles
 c - a curare-tipped dart (quivered)
 i - 4 atropa-tipped darts
Scrolls
 l - 2 scrolls of identify
Potions
 d - a potion of haste
 e - 2 potions of attraction {unknown}
 f - a potion of brilliance
 g - a potion of might
 h - a potion of heal wounds {unknown}


   Skills:
 + Level 2.9 Fighting
 + Level 2.9 Short Blades
 - Level 2.0 Throwing
 - Level 1.0 Dodging
 * Level 7.1 Stealth


You had 3 spell levels left.
You didn't know any spells.
Your spell library contained the following spells:

 Spells                   Type           Power      Damage    Failure   Level
 Summon Small Mammal      Summ           0%         N/A       30%         1
 Call Imp                 Summ           0%         N/A       43%         2
 Call Canine Familiar     Summ           0%         N/A       67%         3
 Summon Guardian Golem    Hex/Summ       0%         N/A       67%         3
 Summon Ice Beast         Ice/Summ       0%         N/A       97%         4
 Summon Lightning Spire   Summ/Air       0%         N/A       97%         4


Dungeon Overview and Level Annotations

Branches:
Dungeon (3/15)

Altars:


Innate Abilities, Weirdness & Mutations

You cannot wear most types of armour.
You are amphibious.
You can wear up to eight rings at the same time.
Your skin changes colour to match your surroundings (Stealth+).
Your rubbery body absorbs attacks. (AC +1, EV +1)
((You are camouflaged near water. (Stealth+)))
You have tentacles for arms and can constrict up to eight enemies at once.


Message History

The gnoll hits you from afar with a +4 halberd!
You aren't carrying any items that you can evoke.
Okay, then.
Throw: 2 darts (curare)
Press: ? - help, Q - select action, (/) - cycle Shift-Dir - straight line, f - gnoll
Aim: a gnoll, wielding a +4 halberd (64% to hit)
You throw a curare-tipped dart. The curare-tipped dart hits the gnoll.
The gnoll is poisoned.
The gnoll convulses.
The gnoll seems to slow down.
The gnoll is heavily wounded.
The ball python bites you.
* * * LOW HITPOINT WARNING * * *
The ball python misses you. The gnoll barely misses you.
You kill the gnoll!
The ball python misses you. The ball python grabs you.
* * * LOW HITPOINT WARNING * * *
The ball python constricts you.
You escape the ball python's grasp.
Things that are here:
a +4 halberd; a curare-tipped dart; a gnoll corpse
There is a stone staircase leading up, spattered with blood here.
The ball python barely misses you. The ball python grabs you.
You stop ascending the stairs.
* * * LOW HITPOINT WARNING * * *
The ball python constricts you.
The ball python's grasp on you weakens, but your attempt to escape fails.
The ball python bites you.
* * * LOW HITPOINT WARNING * * *
x2 The ball python constricts you.
You escape the ball python's grasp.
The gnoll hits you from afar with a +0 halberd.
* * * LOW HITPOINT WARNING * * *
The ball python misses you. The ball python completely misses you.
You climb upwards.
There is a stone staircase leading down here.
Sorry, you're not good enough to have a special ability.
It was a potion of might.
You feel very mighty all of a sudden. The ball python barely misses you.
The ball python grabs you.
You die...

#.............##.# #.#.#.#
# #.............##.#
#.#.#.# #
...............#.# #.#.#.#
# #..............#.#
#.#)#.######
#................#
#.#.#.......
..............#..#
#.#.#..#####
..♣♣..........#..# #.#.#..#
# ..♣.♣.........#÷S#
#.#.#..#####
.♣♣.♣#♣♣♣♣......@#
#........... ♣♣.♣♣
♣...♣♣###############.#####
♣..♣♣♣♣.♣♣♣
#...............# ♣8.....♣♣
#..############## ♣_..⌠.♣♣♣
♣♣♣♣.#
♣8......♣♣♣...♣###########
♣..♣♣♣♣.....♣♣...........#
♣...♣ #♣♣♣♣♣♣###########.#
♣♣..♣♣### #.# #.#


You could see a ball python.

Vanquished Creatures
  Terence (D:2)
  2 gnolls (D:3)
  An adder (D:3)
  A worm (D:3)
  A ball python (D:1)
  6 bats
  2 endoplasms (D:1)
  2 giant cockroaches (D:1)
  5 goblins
  4 hobgoblins
  7 jackals
  4 kobolds
  5 quokkas
  2 frilled lizards
  3 rats
46 creatures vanquished.

Notes
Turn   | Place    | Note
-------+----------+-------------------------------------------
     0 | D:1      | Delamore the Octopode Brigand began the quest for the Orb.
     0 | D:1      | Reached XP level 1. HP: 14/14 MP: 1/1
   204 | D:1      | Reached XP level 2. HP: 19/19 MP: 2/2
   676 | D:1      | Reached skill level 6 in Stealth
   798 | D:1      | Reached XP level 3. HP: 25/25 MP: 3/3
  1001 | D:2      | Noticed Terence
  1007 | D:2      | Killed Terence
  1008 | D:2      | Reached XP level 4. HP: 22/30 MP: 4/4
  1205 | D:2      | Found a faded altar of an unknown god.
  2378 | D:3      | Reached skill level 7 in Stealth
  2392 | D:3      | HP: 1/30 [gnoll (3)]
  2394 | D:2      | Slain by a ball python

Illustrated notes

Levels and vault maps discovered:
D:1:      lightli_arrival_flooded_house, layout_loops_ring, minmay_cupped
D:2:      layout_basic, shapermc_ecumenical_altar_totnotflames,
          minmay_pentomino_r2, uniq_terence
D:3:      layout_rooms, nrook_mini_backslash

Skill      XL: |  1  2  3  4 |
---------------+-------------+-----
Stealth        | 6 7 |  7.1
Fighting       | |  2.9
Short Blades   | |  2.9
Throwing       | |  2.0
Dodging        | |  1.0

Action                   |  1- 3 |  4- 6 || total
-------------------------+-------+-------++-------
Melee: Dagger            |    42 |    35 ||    77
       Constrict         |     8 |    11 ||    19
       Tentacles         |     7 |     4 ||    11
Throw: Dart              |       |     9 ||     9
  Use: Scroll            |     6 |     2 ||     8
       Potion            |       |     1 ||     1
 Stab: Sleeping          |    11 |     8 ||    19
       Distracted        |     1 |       ||     1
Armor: Skin              |     3 |     7 ||    10
Dodge: Dodged            |    16 |    37 ||    53

Table legend: (Time is in decaauts)
 A = Elapsed time spent in this place.
 B = Non-inter-level travel time spent in this place.
 C = Inter-level travel time spent in this place.
 D = Time resting spent in this place.
 E = Time spent auto-exploring this place.
 F = Levels seen in this place.
 G = Mean time per level.
                   A        B        C        D        E       F      G
               +--------+--------+--------+--------+--------+-----+--------+
         Total |   2386 |   2286 |    100 |    216 |   1742 |   3 |  795.3 |
       Dungeon |   2386 |   2286 |    100 |    216 |   1742 |   3 |  795.3 |
               +--------+--------+--------+--------+--------+-----+--------+

Top non-repeatable levels by time:
     D:2: 1320 daAuts
     D:1: 926 daAuts
     D:3: 138 daAuts
